 Dungeon Crawl Stone Soup version 0.32-a0-290-g598725c5f2 (webtiles) character file.

Game seed: 15693449395908544380

17798 retardedninja the Fighter (level 12, -3/99 HPs)
             Began as a Mountain Dwarf Fighter on Feb 13, 2024.
             Was an Elder of Hepliaklqana.
             Killed from afar by a storm dragon (11 damage)
             ... with a bolt of lightning
             ... on level 13 of the Dungeon.
             The game lasted 00:29:32 (13888 turns).

retardedninja the Fighter (Mountain Dwarf Fighter) Turns: 13888, Time: 00:29:32

Health: -3/99      AC: 23    Str: 26 (27) XL:     12   Next: 22%
Magic:  16/21      EV:  6    Int: 12 (15) God:    Hepliaklqana [****..]
Gold:   520        SH: 11    Dex: 10 (12) Spells: 18/24 levels left

rFire   . . .        a - +2 war axe
rCold   . . .        G - +2 kite shield
rNeg    + + .        z - +2 plate armour
rPois   .            o - +0 helmet
rElec   .            e - +2 cloak
rCorr   .            h - +0 pair of gloves
SInv    .            r - +0 pair of boots
Will    +....        d - amulet "Ocaloz" {Faith ^Contam rN++ Regen+ Dex+4} Stlth
                     B - +6 ring of strength
HPRegen 1.16/turn    b - ring of wizardry
MPRegen 0.17/turn

%: faith, wizardry (x1)
@: brilliant
A: reduced essence, runic magic, artefact enchanting, talons 1, clever 1
a: Renounce Religion, Recall Ancestor, Ancestor Identity, Transference, Idealise


You were on level 13 of the Dungeon.
You worshipped Hepliaklqana.
Hepliaklqana was greatly pleased with you.
You visited 2 branches of the dungeon, and saw 14 of its levels.

You collected 940 gold pieces.
You spent 420 gold pieces at shops.

Inventory:

Hand Weapons
 a - a +2 war axe (weapon)
Armour
 e - a +2 cloak (worn)
 h - a +0 pair of gloves (worn)
 o - a +0 helmet (worn)
 r - a +0 pair of boots (worn)
 z - a +2 plate armour (worn)
 G - a +2 kite shield (worn)
Jewellery
 b - a ring of wizardry (right hand)
 d - the amulet "Ocaloz" (around neck) {Faith ^Contam rN++ Regen+ Dex+4}
   (You found it on level 6 of the Dungeon)

   [amulet of faith]

   Faith:     It allows you to gain divine favour quickly.
   Dex+4:     It affects your dexterity (+4).
   rN++:      It greatly protects you from negative energy.
   ^Contam:   It causes magical contamination when unequipped.
   Regen+:    It increases your rate of health regeneration.
 l - a +6 ring of strength
 B - a +6 ring of strength (left hand)
 I - a ring of resist corrosion
Talismans
 w - a blade talisman
Wands
 c - a wand of roots (2)
 s - a wand of charming (14)
Scrolls
 f - a scroll of torment {unknown}
 g - 3 scrolls of noise
 m - 2 scrolls of amnesia
 v - 2 scrolls of teleportation {unknown}
 y - 2 scrolls of poison {unknown}
 C - 3 scrolls of revelation
 D - a scroll of summoning {unknown}
 E - a scroll of blinking {unknown}
 F - a scroll of vulnerability
 J - a scroll of brand weapon {unknown}
Potions
 j - 2 potions of enlightenment
 k - a potion of brilliance
 p - a potion of degeneration
 q - a potion of lignification {unknown}
 u - a potion of cancellation
 x - 4 potions of mutation
 A - 2 potions of ambrosia {unknown}
 H - 4 potions of curing
 L - a potion of invisibility {unknown}
Miscellaneous
 i - a lightning rod (1/4)
 M - a phial of floods


   Skills:
 + Level 11.7 Fighting
 + Level 9.6 Axes
 + Level 9.1 Armour
 - Level 6.0 Shields
 * Level 6.5 Spellcasting
 * Level 6.0 Conjurations
 * Level 9.3 Fire Magic


You had 18 spell levels left.
You knew the following spells:

 Your Spells              Type           Power      Damage    Failure   Level
a - Flame Wave            Conj/Fire      33%        2d10      10%         4
b - Searing Ray           Conj           54%        2d6       2%          2

Your spell library contained the following spells:

 Spells                   Type           Power      Damage    Failure   Level
 Magic Dart               Conj           100%       1d8       1%          1
 Static Discharge         Conj/Air       32%        3-5/arc   11%         2
 Inner Flame              Hex/Fire       22%        N/A       11%         3
 Sticky Flame             Fire/Alch      22%        2d6       32%         4
 Frozen Ramparts          Ice            10%        1d2       52%         3
 Fulminant Prism          Conj/Alch      8%         3d7       52%         4
 Arcjolt                  Conj/Air       8%         1d18      86%         5
 Airstrike                Air            2%         2d(1-17)  89%         4
 Leda's Liquefaction      Alch/Erth      2%         N/A       89%         4
 Petrify                  Alch/Erth      5%         N/A       89%         4
 Summon Lightning Spire   Summ/Air       5%         N/A       89%         4
 Vhi's Electric Charge    Tloc/Air       10%        N/A       89%         4
 Metabolic Englaciation   Hex/Ice        2%         N/A       99%         5
 Sculpt Simulacrum        Ice/Alch       2%         N/A       100%        6
 Malign Gateway           Summ/Tloc      2%         N/A       100%        7
 Ozocubu's Refrigeration  Ice            2%         4d8       100%        7
 Maxwell's Capacitive Co  Air            2%         ∞         100%        8
 Summon Horrible Things   Summ           2%         N/A       100%        8
 Polar Vortex             Ice            2%         N/A       100%        9


Dungeon Overview and Level Annotations

Branches:
Dungeon (13/15)            Temple (1/1) D:6            Lair (0/5) D:11
    Orc (0/2) D:9
 Vaults: D:13-14

Altars:
Ashenzari
Cheibriados
Dithmenos
Elyvilon
Fedhas
Gozag
Hepliaklqana
Kikubaaqudgha
Makhleb
Nemelex Xobeh
Okawaru
Qazlal
Ru
Sif Muna
Trog
Uskayaw
Vehumet
Wu Jian
Xom
Yredelemnul
Zin
The Shining One

Shops:
D:2 *   D:9 [   D:11 :[


Innate Abilities, Weirdness & Mutations

Your life essence is reduced to manifest your ancestor. (-10% HP)
Your spellcasting is much less encumbered by armour.
You can use scrolls of enchantment on lesser artefacts.
You have sharp toenails.
Your mind is acute. (Int +4, Str/Dex -1)


Message History

Austrian painter is shoved backwards!
Austrian painter is destroyed!
Unknown command.
You feel clever all of a sudden.
The storm dragon breathes lightning at you.
The bolt of lightning misses you.
You hear a horrible gurgling sound!
You hear two shouts!
Unknown command.
You slash the storm dragon!
The storm dragon is severely wounded.
The storm dragon bites you. The storm dragon closely misses you.
The storm dragon tramples you but does no damage.
Casting: Flame Wave (dangerous; 10% risk of failure)
Confirm with . or Enter, or press ? or * to list all spells.
Casting: Flame Wave (dangerous; 10% risk of failure)
Press: ? - help, Dir - look around, f - activate You feel a surge of power!
A wave of flame ripples out!
The flame wave engulfs the storm dragon.
The storm dragon is almost dead. (Press . to intensify the flame waves.)
The storm dragon barely misses you. The storm dragon claws you!
* * * LOW HITPOINT WARNING * * *
The storm dragon tramples you!
* * * LOW HITPOINT WARNING * * *
You stumble backwards!
The storm dragon bites you.
* * * LOW HITPOINT WARNING * * *
The storm dragon barely misses you. The storm dragon tramples you.
* * * LOW HITPOINT WARNING * * *
You stumble backwards!
You barely miss the storm dragon.
The storm dragon is almost dead.
The storm dragon bites you!
* * * LOW HITPOINT WARNING * * *
You block the storm dragon's attack.
The storm dragon tramples you but does no damage.
The storm dragon breathes lightning at you.
The bolt of lightning hits you!
You die...
Hepliaklqana delivers you to your ancestors.

####### #._.#.#
#...#.# #...#.#
####### ##'##.#
#.....#####.#..##
#.#........<....#
#@#....##.####[.#
#D####.##.# #..#
#<...#.##.# #..#
#......##.# #..#
#........). ...#
#........##.#
#..#
#.#....#.##..
...#
#.#.####..#..
#..# . ... ...
#...


You could see a storm dragon (catching breath).

Vanquished Creatures
  Harold (D:10)
  2 two-headed ogres (D:10)
  A boulder beetle (D:12)
  The ghost of avangion the Thaumaturge, a novice DECj of Vehumet (D:8)
  Lodul (D:10)
  Pikel (D:8)
  Maurice (D:8)
  A manticore (D:12)
  2 gargoyles
  2 komodo dragons
  An unseen horror (D:10)
  A troll (D:11)
  Prince Ribbit (D:5)
  A shadow (D:12)
  11 yaks
  4 wyverns
  4 vampire mosquitoes
  2 water moccasins
  3 orc warriors
  A black bear (D:5)
  An ice beast (D:5)
  6 ogres
  2 centaurs
  2 lemures (D:8)
  A phantom (D:6)
  A bullfrog (D:6)
  3 wights
  3 howler monkeys
  A bombardier beetle (D:5)
  5 hounds
  A gnoll bouda (D:7)
  2 jellies
  5 orc priests
  2 sleepcaps (D:6)
  2 iguanas
  Ijyb (D:3)
  4 orc wizards
  14 gnolls
  13 adders
  A shadow imp (Temple)
  2 ufetubi (D:5)
  4 dart slugs
  3 ribbon worms
  27 orcs
  4 bats
  8 endoplasms
  3 giant cockroaches
  12 goblins
  4 hobgoblins
  4 jackals
  16 kobolds
  A quokka (D:2)
  6 ball pythons
  A frilled lizard (D:2)
207 creatures vanquished.

Vanquished Creatures (collateral kills)
  A two-headed ogre (D:12)
  A cyclops (D:11)
  A gargoyle (D:11)
  A komodo dragon (D:11)
  A tengu conjurer (D:13)
  3 trolls
  2 shadows
  A wraith (D:11)
  7 yaks
  2 vampire mosquitoes (D:11)
  A steam dragon (D:9)
  A swamp drake (D:11)
  An orc warrior (D:10)
  6 ogres
  A centaur (D:12)
  A lemure (D:8)
  2 kobold brigands
  A gnoll sergeant (D:10)
  3 wights
  A howler monkey (D:10)
  A gnoll bouda (D:8)
  A jelly (D:8)
  3 orc priests
  3 orc wizards
  3 gnolls (D:8)
  6 orcs
  A kobold (D:11)
56 creatures vanquished.

Vanquished Creatures (others)
  A yak (D:9)
  5 battlemagi
6 creatures vanquished.

Grand Total: 269 creatures vanquished

Notes
Turn   | Place    | Note
-------+----------+-------------------------------------------
     0 | D:1      | retardedninja the Mountain Dwarf Fighter began the quest
                  | for the Orb.
     0 | D:1      | Reached XP level 1. HP: 19/19 MP: 1/1
   456 | D:1      | Reached XP level 2. HP: 26/26 MP: 2/2
   769 | D:2      | Reached XP level 3. HP: 16/33 MP: 3/3
   906 | D:2      | Reached skill level 4 in Fighting
  1071 | D:2      | Found Alem's General Store.
  1172 | D:2      | Reached XP level 4. HP: 40/40 MP: 4/4
  1955 | D:3      | Noticed Ijyb
  1990 | D:3      | Killed Ijyb
  1991 | D:3      | Reached XP level 5. HP: 24/47 MP: 5/5
  2133 | D:3      | Found a glowing silver altar of Zin.
  2133 | D:3      | Found an opulent altar of Gozag.
  2267 | D:3      | Found a broken altar of Ashenzari.
  2402 | D:3      | Found a hide-covered altar of Uskayaw.
  2444 | D:4      | Found a shimmering altar of Xom.
  2482 | D:4      | Reached skill level 5 in Fighting
  3014 | D:4      | Reached XP level 6. HP: 56/56 MP: 6/6
  3137 | D:5      | Entered Level 5 of the Dungeon
  3143 | D:5      | Found a radiant altar of Vehumet.
  3508 | D:5      | Noticed an ice beast
  3520 | D:5      | Killed an ice beast
  3521 | D:5      | Reached skill level 6 in Fighting
  3521 | D:5      | Reached XP level 7. HP: 63/63 MP: 7/7
  3532 | D:5      | Noticed Prince Ribbit
  3543 | D:5      | Reached skill level 5 in Armour
  3572 | D:5      | Killed Prince Ribbit
  3573 | D:5      | Reached skill level 5 in Shields
  3635 | D:5      | Noticed a yak
  3718 | D:5      | Reached skill level 5 in Axes
  4021 | D:5      | Found a blossoming altar of Fedhas.
  4179 | D:5      | Killed a yak
  4180 | D:5      | Reached skill level 1 in Spellcasting
  4180 | D:5      | Reached skill level 1 in Fire Magic
  4287 | D:5      | Noticed a yak
  4287 | D:5      | Noticed a yak
  4289 | D:5      | Noticed a yak
  4299 | D:5      | Killed a yak
  4300 | D:5      | Reached skill level 7 in Fighting
  4300 | D:5      | Reached XP level 8. HP: 66/73 MP: 8/10
  4675 | D:6      | Found a sacrificial altar of Ru.
  4675 | D:6      | Found a staircase to the Ecumenical Temple.
  4702 | D:6      | Identified the amulet "Ocaloz" {Faith ^Contam rN++ Regen+
                  | Dex+4}
  4721 | Temple   | Entered the Ecumenical Temple
  4749 | Temple   | Became a worshipper of Hepliaklqana the Forgotten
  5402 | D:6      | Reached XP level 9. HP: 62/81 MP: 13/13
  5543 | D:6      | Reached skill level 8 in Fighting
  6059 | D:7      | Reached * piety under Hepliaklqana
  6160 | D:7      | Found an iron altar of Okawaru.
  6165 | D:7      | Reached skill level 1 in Conjurations
  6913 | D:7      | Reached skill level 5 in Fire Magic
  6942 | D:8      | Noticed Maurice
  6950 | D:8      | Maurice stole the amulet "Ocaloz" {Faith ^Contam rN++
                  | Regen+ Dex+4}
  6951 | D:8      | Maurice stole a blade talisman
  6971 | D:8      | Something stole a +0 kite shield
  6974 | D:8      | Gained mutation: Your mind is acute. (Int +4, Str/Dex -1)
                  | [potion of mutation]
  6974 | D:8      | Gained mutation: You have sharp toenails. [potion of
                  | mutation]
  6979 | D:8      | Something stole 273 gold
  6980 | D:8      | Killed Maurice
  7084 | D:8      | Found a runed translucent door.
  7086 | D:8      | Noticed avangion's ghost (novice DECj)
  7139 | D:8      | Reached skill level 9 in Fighting
  7406 | D:8      | Reached ** piety under Hepliaklqana
  7407 | D:8      | Remembered your ancestor austrian painter as a battlemage
  7448 | D:8      | Noticed Pikel
  7465 | D:8      | Killed Pikel
  7466 | D:8      | Reached XP level 10. HP: 43/81 MP: 14/16
  7854 | D:8      | Killed avangion's ghost
  8013 | D:9      | Found Witrasou's Armour Boutique.
  8013 | D:9      | Found a staircase to the Orcish Mines.
  8105 | D:9      | Found a glowing golden altar of the Shining One.
  8163 | D:9      | Found a faded altar of an unknown god.
  8163 | D:9      | Found a faded altar of an unknown god.
  8171 | D:9      | Found a snail-covered altar of Cheibriados.
  8174 | D:9      | Found a shadowy altar of Dithmenos.
  8176 | D:9      | Found a white marble altar of Elyvilon.
  8453 | D:9      | Reached skill level 10 in Fighting
  8873 | D:10     | Entered Level 10 of the Dungeon
  8873 | D:10     | Reached *** piety under Hepliaklqana
  8882 | D:10     | Noticed Harold
  9515 | D:10     | Killed Harold
  9540 | D:10     | Noticed a two-headed ogre
  9564 | D:10     | Killed a two-headed ogre
  9710 | D:10     | Noticed a two-headed ogre
  9711 | D:10     | Reached XP level 11. HP: 90/90 MP: 18/18
  9717 | D:10     | Killed a two-headed ogre
  9718 | D:10     | Reached skill level 5 in Spellcasting
  9813 | D:10     | Noticed Lodul
 10406 | D:9      | Reached skill level 11 in Fighting
 10668 | D:10     | Killed Lodul
 10880 | D:10     | Found a bloodstained altar of Trog.
 10957 | D:10     | Found an ornate altar of the Wu Jian Council.
 11110 | D:11     | Found Butzuk's Antique Armour Emporium.
 11142 | D:11     | Found Noshroc's Self-Improvement Boutique.
 11303 | D:11     | Reached skill level 5 in Conjurations
 11443 | D:11     | Found a staircase to the Lair.
 11666 | D:11     | Reached **** piety under Hepliaklqana
 12145 | D:2      | Bought a ring of wizardry for 420 gold pieces
 12372 | D:10     | Learned a level 4 spell: Flame Wave
 12375 | D:10     | Learned a level 2 spell: Searing Ray
 12431 | D:12     | Noticed a two-headed ogre
 12736 | D:12     | Killed a two-headed ogre
 12797 | D:12     | Noticed a boulder beetle
 12817 | D:12     | Killed a boulder beetle
 12835 | D:12     | Reached XP level 12. HP: 65/99 MP: 8/21
 13853 | D:13     | Found a shadowy altar of Dithmenos.
 13875 | D:13     | Noticed a storm dragon
 13888 | D:13     | Killed from afar by a storm dragon

Illustrated notes

Levels and vault maps discovered:
D:1:      roderic_crop_circles_arrival_small, layout_loops_cross
D:2:      layout_loops_corners, serial_shops, nicolae_shop_back_alley_shop
D:3:      kennysheep_the_goblin_king, layout_basic,
          grunt_temple_overflow_gold_and_silver, marbit_many_paths,
          nicolae_uskayaw_suspiria
D:4:      layout_loops_ring, xom_teletrap_fun
D:5:      nicolae_BIG_FREAKIN_CUBE, layout_layer_cave, vehumet_crystals,
          mainiacjoe_overflow_brackets, uniq_prince_ribbit1
D:6:      layout_rooms, lemuel_round_altar, minmay_temple_entry_offerings
D:7:      layout_basic, mainiacjoe_overflow_small_starburst,
          serial_co_window_serial, co_window_cross_1, co_window_paths_b,
          co_window_corner_a, co_window_of_opportunity_a, co_window_paths_b,
          co_window_corner_b, co_window_broadway_b, co_window_broadway_c,
          co_window_broadway_b, co_window_paths_d, glass_columns_a,
          glass_columns_a, glass_columns_b, glass_columns_b
D:8:      layout_gridville, hellmonk_ghost_happy_afterlife, uniq_pikel,
          uniq_maurice
D:9:      layout_basic, chequers_temple_overflow_minitemple,
          mainiacjoe_overflow_six_doors_small, orc_david_3
D:10:     layout_cave_pools, nicolae_wu_jian_immortal_techniques,
          lemuel_doored_altar, st_stairs_9, uniq_harold, uniq_lodul
D:11:     layout_irregular_city, erik_lair_dragon, serial_shops,
          nicolae_take_the_stairs, nicolae_shop_self_help
D:12:     layout_rooms
D:13:     minmay_connected_boxes_in_corner, layout_loops_ring, erik_vaults_1,
          serial_shops, shop, grunt_dithmenos_shadows, uniq_josephine,
          uniq_frances, uniq_sonja
Temple:   nicolae_temple_ecumenical_triangle

Skill      XL: |  1  2  3  4  5  6  7  8  9 10 11 12 |
---------------+-------------------------------------+-----
Axes           | 3 4 5 6 7 8 9 |  9.6
Fighting       | 4 5 6 7 9 10 11 | 11.7
Armour         | 4 5 6 7 8 9 |  9.1
Shields        | 4 5 6 |  6.0
Spellcasting   | 1 3 4 6 |  6.5
Fire Magic     | 2 4 5 7 8 9 |  9.3
Conjurations   | 2 3 5 6 |  6.0

Action                     |  1- 3 |  4- 6 |  7- 9 | 10-12 || total
---------------------------+-------+-------+-------+-------++-------
  Melee: War axe           |   137 |   160 |   257 |   176 ||   730
   Cast: Searing Ray       |       |       |       |    29 ||    29
         Flame Wave        |       |       |       |    11 ||    11
 Invoke: Ancestor Life: Ba |       |       |     1 |       ||     1
         Ancestor Identity |       |       |     1 |       ||     1
         Recall Ancestor   |       |       |       |     2 ||     2
  Evoke: Wand              |       |     1 |     3 |    22 ||    26
         Lightning rod     |       |       |       |     3 ||     3
    Use: Scroll            |       |     1 |     9 |     5 ||    15
         Potion            |       |     1 |    13 |     3 ||    17
   Stab: Distracted        |       |       |     1 |     3 ||     4
         Invisible         |       |       |       |     3 ||     3
 Armour: Scale mail        |    62 |    84 |       |       ||   146
         Plate armour      |       |    36 |   339 |   280 ||   655
  Dodge: Dodged            |    41 |    74 |   102 |    75 ||   292
  Block: Buckler           |    27 |    52 |    82 |    30 ||   191
         Kite shield       |       |       |       |   104 ||   104

Table legend: (Time is in decaauts)
 A = Elapsed time spent in this place.
 B = Non-inter-level travel time spent in this place.
 C = Inter-level travel time spent in this place.
 D = Time resting spent in this place.
 E = Time spent auto-exploring this place.
 F = Levels seen in this place.
 G = Mean time per level.
                   A        B        C        D        E       F      G
               +--------+--------+--------+--------+--------+-----+--------+
         Total |  14137 |  13273 |    864 |   3415 |   7445 |  14 | 1009.8 |
       Dungeon |  13718 |  12854 |    864 |   3054 |   7445 |  13 | 1055.2 |
        Temple |    418 |    418 |      0 |    361 |      0 |   1 |  418.0 |
               +--------+--------+--------+--------+--------+-----+--------+

Top non-repeatable levels by time:
     D:9: 2454 daAuts
     D:5: 1359 daAuts
    D:11: 1264 daAuts
     D:7: 1161 daAuts
     D:2: 1126 daAuts
    D:12: 1078 daAuts
     D:4: 1058 daAuts
     D:8: 1045 daAuts
    D:10: 815 daAuts
     D:6: 772 daAuts
     D:3: 761 daAuts
     D:1: 731 daAuts
  Temple: 418 daAuts
    D:13: 87 daAuts
